ORI
UNIVERSITY OF FLORIDA GATORS @ UNIVERSITY OF VIRGINIA CAVALIERS
12/05/2048
 
TOP OF THE 1ST
University of Florida Gators batting - Pitching for University of Virginia Cavaliers : RHP Salvo Botticelli
Pitching: RHP Salvo Botticelli
Batting: RHB Manny Harrison 0-0: Ball
1-0: Swinging Strike
1-1: Foul Ball, location: 2F
1-2: Ball
2-2: Ball
3-2: Strikes out looking
Batting: RHB Gong-sun Law 0-0: Fly out, F7 (Flyball, 7LS, EV 95.0 MPH)
Batting: RHB Robert Mason 0-0: Ball
1-0: Ball
2-0: Called Strike
2-1: Fly out, F7 (Flyball, 78D, EV 88.1 MPH)
Top of the 1st over - 0 runs, 0 hits, 0 errors, 0 left on base; University of Florida 0 - University of Virginia 0
BOTTOM OF THE 1ST
University of Virginia Cavaliers batting - Pitching for University of Florida Gators : RHP Vespasiano Galvanoni
Pitching: RHP Vespasiano Galvanoni
Batting: RHB Scott Anderson 0-0: Ball
1-0: Called Strike
1-1: Ball
2-1: Reached on error, E4 (Groundball, 4M, EV 85.0 MPH)
Batting: RHB Luke Bertrand 0-0: Ball
1-0: Ball
2-0: Called Strike
2-1: DOUBLE (Flyball, 8LD, EV 99.4 MPH)
Scott Anderson to third
Batting: LHB Alex Aguilar 0-0: Swinging Strike
0-1: Swinging Strike
0-2: Fly out, F9 (Line Drive, 9, EV 98.1 MPH)
Runner from 3rd tags up, SCORES, throw by RF
Luke Bertrand to third
Batting: LHB Edelberto Barbas 0-0: Swinging Strike
0-1: Foul Ball, location: 2F
0-2: Ball
1-2: Ball
2-2: SINGLE (Line Drive, 34D, EV 110.0 MPH)
Luke Bertrand scores
Batting: LHB Josh Glass 0-0: Called Strike
0-1: Ball
1-1: Called Strike
1-2: Strikes out swinging
Batting: LHB Ray Nichter 0-0: Ground out 4-3 (Groundball, 4, EV 83.1 MPH)
Bottom of the 1st over - 2 runs, 2 hits, 1 error, 1 left on base; University of Florida 0 - University of Virginia 2
TOP OF THE 2ND
University of Florida Gators batting - Pitching for University of Virginia Cavaliers : RHP Salvo Botticelli
Batting: SHB Nelson Carachure 0-0: Called Strike
0-1: Ball
1-1: Fly out, F8 (Line Drive, 8RM, EV 96.9 MPH)
Batting: RHB Luis Cabera 0-0: Ground out 5-3 (Groundball, 56, EV 90.6 MPH)
Batting: RHB Lião Weishampt 0-0: Fly out, F8 (Flyball, 78S, EV 88.8 MPH)
Top of the 2nd over - 0 runs, 0 hits, 0 errors, 0 left on base; University of Florida 0 - University of Virginia 2
BOTTOM OF THE 2ND
University of Virginia Cavaliers batting - Pitching for University of Florida Gators : RHP Vespasiano Galvanoni
Batting: RHB Nick Cech 0-0: Fly out, F9 (Flyball, 89M, EV 87.5 MPH)
Batting: RHB Jason Lambert 0-0: Called Strike
0-1: Ball
1-1: Called Strike
1-2: Ball
2-2: Ball
3-2: Strikes out swinging
Batting: SHB Ethan Lewis 0-0: Foul Ball, location: 2F
0-1: Ball
1-1: Called Strike
1-2: Foul Ball, location: 2F
1-2: Strikes out looking
Bottom of the 2nd over - 0 runs, 0 hits, 0 errors, 0 left on base; University of Florida 0 - University of Virginia 2
TOP OF THE 3RD
University of Florida Gators batting - Pitching for University of Virginia Cavaliers : RHP Salvo Botticelli
Batting: RHB Elliott Pye 0-0: Ball
1-0: Ball
2-0: Called Strike
2-1: Fly out, F8 (Flyball, 8LD, EV 98.8 MPH)
Batting: SHB Pat Justice 0-0: Ground out 6-3 (Groundball, 56, EV 81.9 MPH)
Batting: RHB Juan Lopez 0-0: Ball
1-0: Called Strike
1-1: Ball
2-1: Foul Ball, location: 2F
2-2: Foul Ball, location: 2F
2-2: Strikes out swinging
Top of the 3rd over - 0 runs, 0 hits, 0 errors, 0 left on base; University of Florida 0 - University of Virginia 2
BOTTOM OF THE 3RD
University of Virginia Cavaliers batting - Pitching for University of Florida Gators : RHP Vespasiano Galvanoni
Batting: RHB Scott Anderson 0-0: DOUBLE (Line Drive, 89D, EV 105.6 MPH)
Batting: RHB Luke Bertrand 0-0: Ball
1-0: Called Strike
1-1: TRIPLE (Flyball, 89XD, EV 96.2 MPH)
Scott Anderson scores
Batting: LHB Alex Aguilar 0-0: Ball
1-0: SINGLE (Groundball, 4, EV 96.2 MPH)
Luke Bertrand scores
Batting: LHB Edelberto Barbas 0-0: Swinging Strike
0-1: Foul Ball, location: 2F
0-2: Ball
1-2: Ball
2-2: SINGLE (Groundball, 4MS, EV 65.0 MPH) (infield hit)
Alex Aguilar to second
Batting: LHB Josh Glass 0-0: Called Strike
0-1: Ball
1-1: Ball
2-1: Ball
3-1: Called Strike
3-2: Grounds into double play, 4-6-3 (Groundball, 4, EV 76.9 MPH)
Alex Aguilar to third
Batting: LHB Ray Nichter 0-0: Called Strike
0-1: Fly out, F9 (Flyball, 9S, EV 88.1 MPH)
Bottom of the 3rd over - 2 runs, 4 hits, 0 errors, 1 left on base; University of Florida 0 - University of Virginia 4
TOP OF THE 4TH
University of Florida Gators batting - Pitching for University of Virginia Cavaliers : RHP Salvo Botticelli
Batting: RHB Manny Harrison 0-0: Swinging Strike
0-1: Ground out 6-3 (Groundball, 6, EV 78.8 MPH)
Batting: RHB Gong-sun Law 0-0: Ball
1-0: Ball
2-0: Ball
3-0: Called Strike
3-1: DOUBLE (Line Drive, 89XD, EV 100.6 MPH)
Batting: RHB Robert Mason 0-0: Swinging Strike
0-1: Called Strike
0-2: Ball
1-2: DOUBLE (Line Drive, 89D, EV 107.5 MPH)
Gong-sun Law scores
Batting: SHB Nelson Carachure 0-0: Called Strike
0-1: Ball
1-1: Swinging Strike
1-2: Ball
2-2: Ball
3-2: Foul Ball, location: 2F
3-2: Base on Balls
Batting: RHB Luis Cabera 0-0: Foul Ball, location: 2F
0-1: Ball
1-1: Ball
2-1: Fielders Choice at 2nd, 1-4 (Groundball, 15S, EV 70.0 MPH)
Robert Mason to third
Batting: RHB Lião Weishampt 0-0: Fielders Choice at 2nd, 4-6 (Groundball, 4MD, EV 110.0 MPH)
Top of the 4th over - 1 run, 2 hits, 0 errors, 2 left on base; University of Florida 1 - University of Virginia 4
BOTTOM OF THE 4TH
University of Virginia Cavaliers batting - Pitching for University of Florida Gators : RHP Vespasiano Galvanoni
Batting: RHB Nick Cech 0-0: Called Strike
0-1: Ball
1-1: Fly out, F7 (Line Drive, 78M, EV 91.2 MPH)
Batting: RHB Jason Lambert 0-0: Ball
1-0: Fly out, F8 (Line Drive, 8RM, EV 93.1 MPH)
Batting: SHB Ethan Lewis 0-0: Ground out U3 (Groundball, 3, EV 91.2 MPH)
Bottom of the 4th over - 0 runs, 0 hits, 0 errors, 0 left on base; University of Florida 1 - University of Virginia 4
TOP OF THE 5TH
University of Florida Gators batting - Pitching for University of Virginia Cavaliers : RHP Salvo Botticelli
Batting: RHB Elliott Pye 0-0: Ball
1-0: Swinging Strike
1-1: Called Strike
1-2: Strikes out swinging
Batting: SHB Pat Justice 0-0: SINGLE (Line Drive, 4M, EV 97.5 MPH)
Batting: RHB Juan Lopez 0-0: Ball
1-0: Swinging Strike
1-1: Called Strike
1-2: Foul Ball, location: 2F
1-2: Foul Ball, location: 2F
1-2: Strikes out swinging
Batting: RHB Manny Harrison Pickoff Throw to First - Out! 1-3
Top of the 5th over - 0 runs, 1 hit, 0 errors, 0 left on base; University of Florida 1 - University of Virginia 4
BOTTOM OF THE 5TH
University of Virginia Cavaliers batting - Pitching for University of Florida Gators : RHP Vespasiano Galvanoni
Batting: RHB Scott Anderson 0-0: Called Strike
0-1: Ball
1-1: Foul Ball, location: 2F
1-2: Foul Ball, location: 2F
1-2: Ground out 6-3 (Groundball, 6S, EV 86.9 MPH)
Batting: RHB Luke Bertrand 0-0: Swinging Strike
0-1: Swinging Strike
0-2: Strikes out looking
Batting: LHB Alex Aguilar 0-0: Called Strike
0-1: SINGLE (Groundball, 6S, EV 73.1 MPH) (infield hit)
Batting: LHB Edelberto Barbas 0-0: Foul Ball, location: 2F
0-1: Ball
1-1: Foul Ball, location: 2F
1-2: Ball
2-2: Ground out U3 (Groundball, 3, EV 89.4 MPH)
Bottom of the 5th over - 0 runs, 1 hit, 0 errors, 1 left on base; University of Florida 1 - University of Virginia 4
TOP OF THE 6TH
University of Florida Gators batting - Pitching for University of Virginia Cavaliers : RHP Salvo Botticelli
Batting: RHB Manny Harrison 0-0: Ball
1-0: Swinging Strike
1-1: Foul Ball, location: 2F
1-2: Strikes out swinging, 2-3 out at first.
Batting: RHB Gong-sun Law 0-0: Called Strike
0-1: SINGLE (Flyball, 34D, EV 96.9 MPH)
Batting: RHB Robert Mason 0-0: Foul Ball, location: 2F
0-1: Ball
1-1: Ball
2-1: Ball
3-1: Called Strike
Gong-sun Law steals 2nd, throwing error, E2
Gong-sun Law to third
3-2: Strikes out swinging
Batting: SHB Nelson Carachure 0-0: Ball
1-0: Ground out 4-3 (Groundball, 4, EV 100.0 MPH)
Top of the 6th over - 0 runs, 1 hit, 1 error, 1 left on base; University of Florida 1 - University of Virginia 4
BOTTOM OF THE 6TH
University of Virginia Cavaliers batting - Pitching for University of Florida Gators : RHP Vespasiano Galvanoni
Batting: LHB Josh Glass 0-0: Foul Ball, location: 2F
0-1: Swinging Strike
0-2: Strikes out swinging
Batting: LHB Ray Nichter 0-0: Swinging Strike
0-1: Foul Ball, location: 2F
0-2: Strikes out looking
Batting: RHB Nick Cech 0-0: Called Strike
0-1: Foul Ball, location: 2F
0-2: Foul Ball, location: 2F
0-2: Fly out, F8 (Flyball, 78D, EV 102.5 MPH)
Bottom of the 6th over - 0 runs, 0 hits, 0 errors, 0 left on base; University of Florida 1 - University of Virginia 4
TOP OF THE 7TH
University of Florida Gators batting - Pitching for University of Virginia Cavaliers : RHP Salvo Botticelli
Pitching: RHP Waldemar Toet
Batting: RHB Luis Cabera 0-0: Ball
1-0: Foul Ball, location: 2F
1-1: Swinging Strike
1-2: Foul Ball, location: 2F
1-2: Ball
2-2: Foul Ball, location: 2F
2-2: Fly out, F9 (Flyball, 9D, EV 83.8 MPH)
Batting: RHB Lião Weishampt 0-0: Foul Ball, location: 2F
0-1: Ball
1-1: Swinging Strike
1-2: Foul Ball, location: 2F
1-2: Ball
2-2: Foul Ball, location: 2F
2-2: Fly out, F9 (Flyball, 9S, EV 90.0 MPH)
Batting: RHB Elliott Pye 0-0: Ball
1-0: Swinging Strike
1-1: Ball
2-1: Foul Ball, location: 2F
2-2: Strikes out swinging
Top of the 7th over - 0 runs, 0 hits, 0 errors, 0 left on base; University of Florida 1 - University of Virginia 4
BOTTOM OF THE 7TH
University of Virginia Cavaliers batting - Pitching for University of Florida Gators : RHP Vespasiano Galvanoni
Pitching: LHP Adhamh Lubis
Batting: RHB Jason Lambert 0-0: Called Strike
0-1: Called Strike
0-2: Strikes out looking
Batting: SHB Ethan Lewis 0-0: Called Strike
0-1: Ball
1-1: Called Strike
1-2: Strikes out swinging
Batting: RHB Scott Anderson 0-0: Fly out, F8 (Flyball, 8RXD, EV 99.4 MPH)
Bottom of the 7th over - 0 runs, 0 hits, 0 errors, 0 left on base; University of Florida 1 - University of Virginia 4
TOP OF THE 8TH
University of Florida Gators batting - Pitching for University of Virginia Cavaliers : RHP Waldemar Toet
Batting: SHB Pat Justice 0-0: Foul Ball, location: 2F
0-1: Foul Ball, location: 2F
0-2: Strikes out swinging
Batting: RHB Juan Lopez 0-0: Ball
1-0: Called Strike
1-1: Ball
2-1: Ground out 6-3 (Groundball, 56, EV 82.5 MPH)
Pinch Hitting: LHB Dave Newsome 0-0: Ball
1-0: Reached on error, E4 (Groundball, 4, EV 80.6 MPH)
Batting: RHB Gong-sun Law 0-0: Foul Ball, location: 2F
0-1: Ball
1-1: Ground out 6-3 (Groundball, 6, EV 90.6 MPH)
Top of the 8th over - 0 runs, 0 hits, 1 error, 1 left on base; University of Florida 1 - University of Virginia 4
BOTTOM OF THE 8TH
University of Virginia Cavaliers batting - Pitching for University of Florida Gators : LHP Adhamh Lubis
Now at 1B: Dave Newsome
Batting: RHB Luke Bertrand 0-0: Ball
1-0: Fly out, F7 (Line Drive, 7LS, EV 86.2 MPH)
Batting: LHB Alex Aguilar 0-0: Called Strike
0-1: Fly out, F8 (Line Drive, 8LM, EV 88.8 MPH)
Batting: LHB Edelberto Barbas 0-0: Ball
1-0: SOLO HOME RUN (Line Drive, 9LD, EV 91.9 MPH), Distance : 350 ft
Batting: LHB Josh Glass 0-0: Foul Ball, location: 2F
0-1: Ball
1-1: Ball
2-1: Ball
3-1: Foul Ball, location: 2F
3-2: Foul Ball, location: 2F
3-2: Strikes out swinging
Bottom of the 8th over - 1 run, 1 hit, 0 errors, 0 left on base; University of Florida 1 - University of Virginia 5
TOP OF THE 9TH
University of Florida Gators batting - Pitching for University of Virginia Cavaliers : RHP Waldemar Toet
Batting: RHB Robert Mason 0-0: Called Strike
0-1: Ball
1-1: Fly out, F7 (Line Drive, 7S, EV 96.2 MPH)
Batting: SHB Nelson Carachure 0-0: Ball
1-0: Ball
2-0: Ground out 4-3 (Groundball, 4, EV 81.2 MPH)
Batting: RHB Luis Cabera 0-0: DOUBLE (Line Drive, 9LM, EV 100.0 MPH)
Batting: RHB Lião Weishampt 0-0: Swinging Strike
0-1: Ball
1-1: Called Strike
1-2: Foul Ball, location: 2F
1-2: Ball
2-2: Ball
3-2: SINGLE (Groundball, 6D, EV 104.4 MPH)
Luis Cabera to third
Pitching: RHP Ruud van der Meulen
Batting: RHB Elliott Pye 0-0: Foul Ball, location: 2F
0-1: Fly out, F8 (Flyball, 78M, EV 91.9 MPH)
Top of the 9th over - 0 runs, 2 hits, 0 errors, 2 left on base; University of Florida 1 - University of Virginia 5
Tuesday, March 28th , 2023 - OOTP Baseball 23.10 Build 110